 Dungeon Crawl Stone Soup version 0.29.0-4-gdea44cf6ec (webtiles) character file.

Game seed: 9916449690114095874

51060 qw the Brawler (level 14, -7/140 HPs)
             Began as a Troll Cinder Acolyte on Sept 1, 2022.
             Was an Elder of Okawaru.
             Mangled by an eight-headed hydra (11 damage)
             ... on level 12 of the Dungeon.
             The game lasted 00:09:57 (18206 turns).

qw the Brawler (Troll Cinder Acolyte)              Turns: 18206, Time: 00:09:58

Health: -7/140     AC: 12    Str: 35    XL:     14   Next: 22%
Magic:  11/18      EV: 10    Int: 10    God:    Okawaru [****..]
Gold:   1078       SH:  0    Dex:  5    Spells: 15/15 levels left

rFire   . . .      SeeInvis .     - Unarmed
rCold   . . .      Faith    .   (no shield)
rNeg    . . .      Spirit   .   m - +0 steam dragon scales
rPois   +          Reflect  .   (helmet restricted)
rElec   .          Harm     .   g - +2 cloak {rCorr}
rCorr   +          Rampage  .   (gloves unavailable)
Will    +....                   (boots unavailable)
Stlth   ++........              (no amulet)
HPRegen 1.13/turn               i - ring of poison resistance
MPRegen 0.16/turn               n - +6 ring of strength

@: about to teleport, heroic, finesse-ful
A: large, unfitting armour, claws 3, regeneration 1, shaggy fur 1, tough skin 1
a: Renounce Religion, Heroism, Finesse


You were on level 12 of the Dungeon.
You worshipped Okawaru.
Okawaru was greatly pleased with you.
You visited 3 branches of the dungeon, and saw 18 of its levels.

You collected 1190 gold pieces.
You spent 112 gold pieces at shops.


Innate Abilities, Weirdness & Mutations

You are too large for most types of armour.
You have claws for hands.
Your natural rate of healing is unusually fast.
You are covered in fur. (AC +1)
You have tough skin. (AC +1)


   Skills:
 - Level 9.0(14.0) Fighting
 + Level 4.1(9.1) Throwing
 - Level 3.0(8.0) Armour
 - Level 2.8(7.8) Dodging
 - Level 20.2(25.2) Unarmed Combat
 - Level 1.0 Spellcasting
 - Level 2.1 Fire Magic
 + Level 7.2 Invocations


You had 15 spell levels left.
You didn't know any spells.
Your spell library contained the following spells:

 Spells                   Type           Power      Damage    Failure   Level
 Scorch                   Fire           8%         2d5       22%         2

Inventory:

Missiles
 s - 3 boomerangs (quivered)
 t - a silver javelin
Armour
 g - a +2 cloak of preservation (worn)
 m - +0 steam dragon scales (worn)
 r - a +0 troll leather armour
Jewellery
 i - a ring of poison resistance (left claw)
 j - a ring of protection from cold
 k - a ring of willpower
 n - a +6 ring of strength (right claw)
 q - a ring of resist corrosion
Scrolls
 e - 4 scrolls of identify
 h - 5 scrolls of enchant weapon
 o - 7 scrolls of teleportation
 p - 3 scrolls of brand weapon
Potions
 a - 6 potions of curing
 b - 3 potions of mutation
 c - 3 potions of heal wounds
 d - 8 potions of haste
 f - a potion of might
 l - 2 potions of resistance

Dungeon Overview and Level Annotations

Branches:
Dungeon (12/15)            Temple (1/1) D:6            Lair (5/5) D:10
 Shoals (0/4) Lair:2       Spider (0/4) Lair:2        Slime (0/5) Lair:4
    Orc (0/2) D:10

Altars:
Ashenzari
Elyvilon
Fedhas
Gozag
Hepliaklqana
Kikubaaqudgha
Makhleb
Nemelex Xobeh
Okawaru
Qazlal
Sif Muna
Uskayaw
Vehumet
Wu Jian
Xom
Zin
Jiyva

Shops:
D:1 !   D:2 =([?   D:7 *

Annotations:
D:9 2 transporters


Message History

You hear a horrible gurgling sound!
The seven-headed hydra bites you! x3
The seven-headed hydra bites you but does no damage.
The seven-headed hydra bites you! The seven-headed hydra bites you. x2
The deep elf pyromancer casts a spell.
Things that are here:
a +0 longbow; 7 stones; a centaur corpse
18202 ||| INVOKING Heroism.
You gain the combat prowess of a mighty hero.
The seven-headed hydra bites you but does no damage.
The seven-headed hydra closely misses you.
The seven-headed hydra misses you.
The seven-headed hydra completely misses you.
The seven-headed hydra closely misses you.
The seven-headed hydra bites you.
The seven-headed hydra bites you but does no damage.
18203 ||| INVOKING Finesse.
You can now deal lightning-fast blows.
You can no longer enter into single combat with a foe.
Okawaru will no longer gift you equipment.
The seven-headed hydra barely misses you. x2
The seven-headed hydra bites you.
The seven-headed hydra barely misses you.
The seven-headed hydra bites you.
The seven-headed hydra closely misses you.
The seven-headed hydra bites you.
18204 ||| Stepping ~*~*~tactically~*~*~ (outnumbered).
You rip one of the seven-headed hydra's heads off!
The six-headed hydra grows two more!
You claw the eight-headed hydra!
The eight-headed hydra is moderately wounded.
The eight-headed hydra bites you. The eight-headed hydra bites you!
The eight-headed hydra misses you. The eight-headed hydra bites you! x2
The eight-headed hydra bites you but does no damage.
The eight-headed hydra bites you! x2
18206 ||| READING 8 scrolls of teleportation.
As you read the scroll of teleportation, it crumbles to dust.
You feel strangely unstable. The eight-headed hydra bites you!
The eight-headed hydra bites you. The eight-headed hydra bites you!
You die...

..!.# . #.#. .
...# # #.. ..
...# #.. ...
00## #.. #..
00.## #.#
#..##00.# #.#
#...'EE.# #.##
##D#.# ##..#
#@...# ##...##
##...##
#..#..##
##...##
..###..###
###....# .##
#....###...####
.# #....%...###
.# ####.#####
.# ### ##


You could see an eight-headed hydra and 2 fire elementals.

Vanquished Creatures
  6 dire elephants (Lair:5)
  A boulder beetle (Lair:5)
  Erolcha (D:11)
  A centaur warrior (D:12)
  2 hydras
  A two-headed ogre (D:11)
  A catoblepas (Lair:5)
  2 death yaks (Lair:5)
  Amaemon (Lair:1)
  A spectral anaconda (Lair:5)
  An obsidian statue (Lair:5)
  A lindwurm (Lair:5)
  Pikel (D:8)
  3 necromancers (Lair:5)
  A manticore (D:12)
  7 elephants (Lair:5)
  2 merfolk sirens (Lair:2)
  Maurice (D:8)
  4 black mambas
  11 cane toads
  A torpor snail (Lair:3)
  Psyche (D:9)
  A kobold demonologist (D:11)
  3 unseen horrors
  An orange demon (Lair:1)
  3 rime drakes
  10 komodo dragons
  6 trolls
  A hornet (D:9)
  2 merfolk (Lair:2)
  12 dream sheep
  6 blink frogs
  A spectral elephant (Lair:5)
  A shadow (D:9)
  A wraith (D:12)
  3 wyverns
  57 yaks
  A dire elephant simulacrum (Lair:5)
  12 fire elementals
  4 basilisks
  2 death yak simulacra (Lair:5)
  A steam dragon (D:8)
  A spectral cane toad (Lair:5)
  17 water moccasins
  An acid dragon (D:10)
  8 orc warriors
  4 black bears
  2 ice beasts
  2 elephant zombies (Lair:5)
  3 centaurs
  11 wolves
  3 lemures (D:8)
  2 elephant skeletons (Lair:5)
  2 kobold brigands (D:6)
  14 bullfrogs
  5 scorpions
  A necrophage (D:5)
  16 wights
  14 killer bees
  10 howler monkeys
  A crimson imp (D:3)
  3 jellies
  A gnoll bouda (D:10)
  5 hounds
  4 orc priests
  2 iguanas
  Ijyb (D:5)
  12 orc wizards
  7 hell rats (Lair:2)
  3 gnolls (D:10)
  8 adders
  3 worms
  40 orcs
  14 ball pythons
  5 endoplasms
  A giant cockroach (D:1)
  7 goblins
  8 hobgoblins
  12 jackals
  12 kobolds
  4 quokkas
  6 bats
  3 frilled lizards
  4 rats
461 creatures vanquished.

Vanquished Creatures (others)
  16 fungi
  21 plants
  18 withered plants (Lair:5)
55 creatures vanquished.

Grand Total: 516 creatures vanquished

Notes
Turn   | Place    | Note
-------+----------+-------------------------------------------
     0 | D:1      | qw the Troll Cinder Acolyte began the quest for the Orb.
     0 | D:1      | Reached XP level 1. HP: 22/22 MP: 1/1
     0 | D:1      | 0 ||| qw: Version: 0.1-a-97-g2dd2ca4
     0 | D:1      | 0 ||| qw: Game counter: 4710
     0 | D:1      | 0 ||| qw: Always use a shield: true
     0 | D:1      | 0 ||| qw: God list: Okawaru
     0 | D:1      | 0 ||| qw: Allow faded altars: false
     0 | D:1      | 0 ||| qw: Do Orc after D:15 true
     0 | D:1      | 0 ||| qw: Do second Lair branch before Depths: true
     0 | D:1      | 0 ||| qw: Lair rune preference: random
     0 | D:1      | 0 ||| qw: Plans: Normal
     0 | D:1      | 0 ||| PLANNING D:1-11
   172 | D:1      | Reached XP level 2. HP: 27/29 MP: 2/2
   473 | D:1      | Reached skill level 4 in Unarmed Combat
   479 | D:1      | 479 ||| Stepping ~*~*~tactically~*~*~ (stealth).
   480 | D:1      | 480 ||| Stepping ~*~*~tactically~*~*~ (stealth).
   759 | D:1      | Found Atul's Distillery.
   767 | D:1      | 767 ||| SHOPLISTING 2 potions of curing (66 gold, have 56).
   767 | D:1      | 767 ||| SHOPLISTING potion of cancellation (88 gold, have
                  | 56).
   767 | D:1      | 767 ||| BUYING potion of curing (33 gold).
   767 | D:1      | Bought a potion of curing for 33 gold pieces
   767 | D:1      | 767 ||| SHOPLISTING potion of curing (33 gold, have 23).
   767 | D:1      | 767 ||| SHOPLISTING potion of resistance (110 gold, have
                  | 23).
   836 | D:1      | Reached XP level 3. HP: 36/36 MP: 3/3
   948 | D:1      | 948 ||| READING 2 scrolls labelled VEILEO QEARRUN.
   949 | D:1      | 949 ||| READING scroll labelled QOEGIJEPRU.
   950 | D:1      | 950 ||| READING scroll labelled AVAS SUAPTEUSE.
   951 | D:1      | 951 ||| READING scroll labelled XOTHRA RIXKUKO.
   952 | D:1      | 952 ||| DRINKING 2 clear potions.
   953 | D:1      | 953 ||| DROPPING potion of degeneration.
   954 | D:1      | 954 ||| Stepping randomly (stuck).
   955 | D:1      | 955 ||| Stepping ~*~*~tactically~*~*~ (cloud).
  1031 | D:2      | Found Bommuah's Armour Shoppe.
  1043 | D:2      | 1043 ||| SHOPLISTING +0 cloak (45 gold, have 23).
  1043 | D:2      | 1043 ||| SHOPLISTING +1 cloak (115 gold, have 23).
  1139 | D:2      | Found Laxiuc's Weapon Shoppe.
  1520 | D:2      | Found a faded altar of an unknown god.
  1679 | D:2      | Reached XP level 4. HP: 41/44 MP: 4/4
  1697 | D:2      | Reached skill level 5 in Unarmed Combat
  1761 | D:2      | Found Ilumupuq's Jewellery Shop.
  1770 | D:2      | 1770 ||| SHOPLISTING +4 ring of protection (504 gold, have
                  | 58).
  1770 | D:2      | 1770 ||| SHOPLISTING amulet of reflection (420 gold, have
                  | 58).
  1770 | D:2      | 1770 ||| SHOPLISTING amulet of the acrobat (420 gold, have
                  | 58).
  1770 | D:2      | 1770 ||| SHOPLISTING ring of positive energy (280 gold,
                  | have 58).
  1770 | D:2      | 1770 ||| SHOPLISTING ring of protection from cold (350
                  | gold, have 58).
  1770 | D:2      | 1770 ||| SHOPLISTING ring of see invisible (210 gold, have
                  | 58).
  1773 | D:2      | 1773 ||| Stepping ~*~*~tactically~*~*~ (stealth).
  1898 | D:2      | Found Vigem's Magic Scroll Shoppe.
  1908 | D:2      | 1908 ||| BUYING scroll of identify (20 gold).
  1908 | D:2      | Bought a scroll of identify for 20 gold pieces
  1908 | D:2      | 1908 ||| BUYING scroll of identify (20 gold).
  1908 | D:2      | Bought a scroll of identify for 20 gold pieces
  1942 | D:2      | 1942 ||| READING scroll labelled GEWUYBR USADDEWO.
  1945 | D:2      | 1945 ||| READING scroll labelled HUCVIO FIHURY.
  1946 | D:2      | 1946 ||| READING scroll labelled WUGAAL IZYSIL.
  1947 | D:2      | 1947 ||| DRINKING 3 puce potions.
  1948 | D:2      | 1948 ||| READING 3 scrolls of identify.
  1948 | D:2      | 1948 ||| IDENTIFYING glowing inky potion
  1949 | D:2      | 1949 ||| READING 2 scrolls of identify.
  1949 | D:2      | 1949 ||| IDENTIFYING white potion
  1950 | D:2      | 1950 ||| DROPPING potion of attraction.
  2205 | D:3      | You fall into a shaft and drop 3 floors!
  2244 | D:6      | Found a staircase to the Ecumenical Temple.
  2253 | D:6      | Noticed a scorpion
  2262 | D:6      | Killed a scorpion
  2263 | D:6      | Reached skill level 6 in Unarmed Combat
  2263 | D:6      | Reached XP level 5. HP: 50/50 MP: 5/5
  2267 | D:6      | 2267 ||| READING scroll labelled NADONOIGR EPRA.
  2268 | D:6      | 2268 ||| READING scroll labelled JATROVV LUCU.
  2369 | D:6      | 2369 ||| READING 3 scrolls of identify.
  2369 | D:6      | 2369 ||| IDENTIFYING black potion
  2491 | D:6      | Noticed an ice beast
  2502 | D:6      | 2502 ||| INVOKING Fiery Armour.
  2505 | D:6      | HP: 11/50 [ice beast (10)]
  2506 | D:6      | 2506 ||| DRINKING potion of heal wounds.
  2507 | D:6      | Killed an ice beast
  2508 | D:6      | Reached XP level 6. HP: 37/59 MP: 6/6
  2541 | D:6      | Reached skill level 7 in Unarmed Combat
  2541 | D:6      | 2541 ||| STAIRDANCE
  2542 | D:5      | Entered Level 5 of the Dungeon
  2563 | D:5      | Noticed a water moccasin
  2569 | D:5      | Killed a water moccasin
  2613 | D:5      | Reached skill level 8 in Unarmed Combat
  2669 | D:5      | Reached XP level 7. HP: 44/66 MP: 7/7
  2874 | D:5      | Reached skill level 3 in Fighting
  2874 | D:5      | 2874 ||| INVOKING Fiery Armour.
  2954 | D:5      | Noticed Ijyb
  2959 | D:5      | Killed Ijyb
  3026 | D:5      | 3026 ||| UPGRADING to amulet of guardian spirit.
  3031 | D:5      | 3031 ||| READING scroll labelled HIALOA ZEQOMM.
  3032 | D:5      | 3032 ||| READING scroll labelled YGGUUBLYOLO.
  3033 | D:5      | 3033 ||| READING 3 scrolls of identify.
  3033 | D:5      | 3033 ||| IDENTIFYING coppery potion
  3034 | D:5      | 3034 ||| READING 2 scrolls of identify.
  3034 | D:5      | 3034 ||| IDENTIFYING fizzy dark potion
  3035 | D:5      | 3035 ||| DROPPING potion of flight.
  3062 | D:4      | 3062 ||| Stepping ~*~*~tactically~*~*~ (stealth).
  3081 | D:4      | 3081 ||| Stepping ~*~*~tactically~*~*~ (outnumbered).
  3116 | D:4      | 3116 ||| UPGRADING to ring of poison resistance.
  3129 | D:3      | 3129 ||| Stepping ~*~*~tactically~*~*~ (stealth).
  3340 | D:3      | Found a radiant altar of Vehumet.
  3341 | D:3      | 3341 ||| Stepping ~*~*~tactically~*~*~ (stealth).
  3353 | D:3      | Found a burning altar of Makhleb.
  3614 | D:4      | 3614 ||| STAIRDANCE
  3619 | D:4      | 3619 ||| STAIRDANCE
  3627 | D:3      | Reached skill level 9 in Unarmed Combat
  3734 | D:4      | Reached skill level 1 in Throwing
  3741 | D:4      | 3741 ||| Stepping ~*~*~tactically~*~*~ (stealth).
  3742 | D:4      | 3742 ||| Stepping ~*~*~tactically~*~*~ (stealth).
  3743 | D:4      | 3743 ||| Stepping ~*~*~tactically~*~*~ (stealth).
  3940 | D:4      | Found an ornate altar of the Wu Jian Council.
  3940 | D:4      | Found a hazy altar of Hepliaklqana.
  3940 | D:4      | Found a shimmering blue altar of Sif Muna.
  3941 | D:4      | Found a stormy altar of Qazlal.
  4055 | D:4      | Reached skill level 1 in Dodging
  4055 | D:4      | Reached XP level 8. HP: 65/75 MP: 6/8
  4119 | D:4      | 4119 ||| UPGRADING to +1 cloak.
  4124 | D:4      | 4124 ||| UPGRADING to ring of willpower.
  4125 | D:4      | 4125 ||| DROPPING ring of flight.
  4126 | D:4      | 4126 ||| READING scroll labelled NASUHA NOMIMID.
  4681 | D:5      | 4681 ||| READING scroll labelled HIDIRIH EGAUQO.
  4865 | D:6      | Reached skill level 10 in Unarmed Combat
  5180 | D:6      | 5180 ||| Stepping ~*~*~tactically~*~*~ (hiding).
  5181 | D:6      | 5181 ||| Stepping ~*~*~tactically~*~*~ (hiding).
  5375 | D:6      | 5375 ||| UPGRADING to ring of protection from cold.
  5476 | D:6      | 5476 ||| Stepping ~*~*~tactically~*~*~ (hiding).
  5479 | D:6      | 5479 ||| Stepping ~*~*~tactically~*~*~ (hiding).
  5480 | D:6      | 5480 ||| Stepping ~*~*~tactically~*~*~ (hiding).
  5481 | D:6      | 5481 ||| Stepping ~*~*~tactically~*~*~ (hiding).
  5483 | D:6      | 5483 ||| Stepping ~*~*~tactically~*~*~ (stealth).
  5514 | D:6      | 5514 ||| FLEEEEING.
  5515 | D:6      | 5515 ||| FLEEEEING.
  5686 | D:6      | 5686 ||| Stepping ~*~*~tactically~*~*~ (outnumbered).
  5689 | D:6      | 5689 ||| Stepping ~*~*~tactically~*~*~ (outnumbered).
  5690 | D:6      | 5690 ||| Stepping ~*~*~tactically~*~*~ (outnumbered).
  5692 | D:6      | 5692 ||| Stepping ~*~*~tactically~*~*~ (outnumbered).
  5693 | D:6      | 5693 ||| Stepping ~*~*~tactically~*~*~ (outnumbered).
  5697 | D:6      | 5697 ||| Stepping ~*~*~tactically~*~*~ (outnumbered).
  5698 | D:6      | 5698 ||| Stepping ~*~*~tactically~*~*~ (outnumbered).
  5699 | D:6      | 5699 ||| Stepping ~*~*~tactically~*~*~ (outnumbered).
  5700 | D:6      | 5700 ||| Stepping ~*~*~tactically~*~*~ (outnumbered).
  5701 | D:6      | 5701 ||| Stepping ~*~*~tactically~*~*~ (outnumbered).
  5709 | D:6      | 5709 ||| INVOKING Fiery Armour.
  5773 | D:6      | 5773 ||| READING 2 scrolls of identify.
  5773 | D:6      | 5773 ||| IDENTIFYING amethyst potion
  5774 | D:6      | 5774 ||| DROPPING potion of lignification.
  6181 | D:7      | Reached skill level 11 in Unarmed Combat
  6216 | D:7      | 6216 ||| Stepping ~*~*~tactically~*~*~ (hiding).
  6221 | D:7      | 6221 ||| DRINKING 3 potions of curing.
  6221 | D:7      | 6221 ||| (to cure confusion)
  6223 | D:7      | Reached XP level 9. HP: 76/84 MP: 5/9
  6244 | D:7      | 6244 ||| DRINKING 2 potions of curing.
  6244 | D:7      | 6244 ||| (to cure confusion)
  6330 | D:7      | 6330 ||| Stepping ~*~*~tactically~*~*~ (outnumbered).
  6332 | D:7      | 6332 ||| Stepping ~*~*~tactically~*~*~ (outnumbered).
  6338 | D:7      | Reached skill level 12 in Unarmed Combat
  6370 | D:7      | Found Qeudem's General Store.
  6380 | D:7      | 6380 ||| SHOPLISTING ring of Nysayjil {rF+ Int+4 SInv} (486
                  | gold, have 334).
  6380 | D:7      | 6380 ||| BUYING scroll of teleportation (39 gold).
  6380 | D:7      | Bought a scroll of teleportation for 39 gold pieces
  6382 | D:7      | 6382 ||| Stepping ~*~*~tactically~*~*~ (hiding).
  6387 | D:7      | 6387 ||| Stepping ~*~*~tactically~*~*~ (stealth).
  6392 | D:7      | 6392 ||| DRINKING potion of curing.
  6392 | D:7      | 6392 ||| (to cure confusion)
  6402 | D:7      | 6402 ||| Stepping ~*~*~tactically~*~*~ (stealth).
  6404 | D:7      | 6404 ||| Stepping ~*~*~tactically~*~*~ (stealth).
  6407 | D:7      | 6407 ||| Stepping ~*~*~tactically~*~*~ (outnumbered).
  6592 | D:7      | 6592 ||| DRINKING 2 pink potions.
  6693 | D:7      | 6693 ||| DROPPING potion of ambrosia.
  6773 | D:8      | 6773 ||| FLEEEEING.
  6774 | D:8      | 6774 ||| FLEEEEING.
  6777 | D:8      | 6777 ||| FLEEEEING.
  6778 | D:8      | 6778 ||| FLEEEEING.
  6779 | D:8      | 6779 ||| FLEEEEING.
  6780 | D:8      | 6780 ||| FLEEEEING.
  6781 | D:8      | 6781 ||| FLEEEEING.
  6782 | D:8      | 6782 ||| STAIRDANCE
  6816 | D:8      | 6816 ||| STAIRDANCE
  6845 | D:8      | 6845 ||| Stepping ~*~*~tactically~*~*~ (outnumbered).
  6866 | D:8      | 6866 ||| INVOKING Fiery Armour.
  6935 | D:8      | 6935 ||| Stepping ~*~*~tactically~*~*~ (outnumbered).
  6936 | D:8      | 6936 ||| Stepping ~*~*~tactically~*~*~ (outnumbered).
  6937 | D:8      | 6937 ||| Stepping ~*~*~tactically~*~*~ (outnumbered).
  6938 | D:8      | 6938 ||| Stepping ~*~*~tactically~*~*~ (outnumbered).
  6939 | D:8      | 6939 ||| Stepping ~*~*~tactically~*~*~ (outnumbered).
  6940 | D:8      | 6940 ||| Stepping ~*~*~tactically~*~*~ (outnumbered).
  6941 | D:8      | 6941 ||| Stepping ~*~*~tactically~*~*~ (outnumbered).
  6961 | D:8      | Noticed Pikel
  6962 | D:8      | 6962 ||| Stepping ~*~*~tactically~*~*~ (hiding).
  6963 | D:8      | 6963 ||| Stepping ~*~*~tactically~*~*~ (hiding).
  6983 | D:8      | Killed Pikel
  6984 | D:8      | Reached skill level 13 in Unarmed Combat
  6984 | D:8      | 6984 ||| FLEEEEING.
  6985 | D:8      | 6985 ||| FLEEEEING.
  6986 | D:8      | 6986 ||| FLEEEEING.
  6987 | D:8      | 6987 ||| FLEEEEING.
  6988 | D:8      | 6988 ||| FLEEEEING.
  6989 | D:8      | 6989 ||| FLEEEEING.
  6990 | D:8      | 6990 ||| FLEEEEING.
  6991 | D:8      | 6991 ||| FLEEEEING.
  6992 | D:8      | 6992 ||| FLEEEEING.
  6993 | D:8      | 6993 ||| FLEEEEING.
  6994 | D:8      | 6994 ||| FLEEEEING.
  6995 | D:8      | 6995 ||| FLEEEEING.
  6996 | D:8      | 6996 ||| FLEEEEING.
  6997 | D:8      | 6997 ||| FLEEEEING.
  6998 | D:8      | 6998 ||| FLEEEEING.
  6999 | D:8      | 6999 ||| FLEEEEING.
  7000 | D:8      | 7000 ||| FLEEEEING.
  7001 | D:8      | 7001 ||| FLEEEEING.
  7002 | D:8      | 7002 ||| FLEEEEING.
  7003 | D:8      | 7003 ||| FLEEEEING.
  7005 | D:8      | 7005 ||| FLEEEEING.
  7006 | D:8      | 7006 ||| FLEEEEING.
  7007 | D:8      | 7007 ||| FLEEEEING.
  7008 | D:8      | 7008 ||| FLEEEEING.
  7009 | D:8      | 7009 ||| FLEEEEING.
  7010 | D:8      | 7010 ||| FLEEEEING.
  7011 | D:8      | 7011 ||| STAIRDANCE
  7114 | D:8      | Reached skill level 1 in Armour
  7117 | D:8      | Reached XP level 10. HP: 96/96 MP: 10/10
  7338 | D:8      | Noticed Maurice
  7345 | D:8      | Killed Maurice
  7825 | D:8      | 7825 ||| UPGRADING to +2 cloak of preservation.
  7835 | D:8      | 7835 ||| UPGRADING to +0 steam dragon scales.
  7845 | D:8      | 7845 ||| DROPPING +0 robe.
  7846 | D:8      | 7846 ||| DROPPING +1 cloak.
  7847 | D:8      | 7847 ||| READING 2 scrolls of identify.
  7847 | D:8      | 7847 ||| IDENTIFYING metallic dark potion
  7848 | D:8      | 7848 ||| DROPPING potion of magic.
  7872 | D:9      | Found a transporter.
  7872 | D:9      | Found a transporter.
  7905 | D:9      | Noticed Psyche
  7906 | D:9      | 7906 ||| INVOKING Fiery Armour.
  7917 | D:9      | Killed Psyche
  7918 | D:9      | Reached skill level 14 in Unarmed Combat
  7927 | D:9      | 7927 ||| Stepping ~*~*~tactically~*~*~ (outnumbered).
  7927 | D:9      | Paralysed by a hornet for 3 turns
  7930 | D:9      | 7930 ||| Stepping ~*~*~tactically~*~*~ (outnumbered).
  7936 | D:9      | HP: 16/95 [wight/+0 halberd (8)]
  7937 | D:9      | 7937 ||| READING 6 scrolls of teleportation.
  7937 | D:9      | HP: 3/95 [hornet (8)]
  7938 | D:9      | 7938 ||| DRINKING 2 potions of heal wounds.
  8024 | D:9      | Identified the +10 short sword "Agruc" {freeze, Str+3}
  8082 | D:9      | 8082 ||| Stepping ~*~*~tactically~*~*~ (stealth).
  8085 | D:9      | 8085 ||| Stepping ~*~*~tactically~*~*~ (hiding).
  8090 | D:9      | Reached skill level 6 in Fighting
  8125 | D:9      | Noticed a manticore
  8131 | D:9      | Found a shimmering altar of Xom.
  8131 | D:9      | Found a blossoming altar of Fedhas.
  8405 | D:10     | Entered Level 10 of the Dungeon
  8516 | D:10     | 8516 ||| Stepping ~*~*~tactically~*~*~ (outnumbered).
  8545 | D:10     | Found a staircase to the Lair.
  8582 | D:10     | Reached skill level 15 in Unarmed Combat
  8829 | D:10     | Found a flagged portal.
  9050 | D:10     | 9050 ||| Stepping ~*~*~tactically~*~*~ (stealth).
  9059 | D:10     | Reached XP level 11. HP: 105/105 MP: 11/11
  9096 | D:10     | 9096 ||| Stepping ~*~*~tactically~*~*~ (stealth).
  9105 | D:10     | 9105 ||| FLEEEEING.
  9106 | D:10     | 9106 ||| FLEEEEING.
  9112 | D:10     | 9112 ||| INVOKING Fiery Armour.
  9119 | D:10     | 9119 ||| FLEEEEING.
  9120 | D:10     | 9120 ||| FLEEEEING.
  9121 | D:10     | 9121 ||| FLEEEEING.
  9122 | D:10     | 9122 ||| FLEEEEING.
  9123 | D:10     | 9123 ||| FLEEEEING.
  9124 | D:10     | 9124 ||| FLEEEEING.
  9125 | D:10     | 9125 ||| FLEEEEING.
  9126 | D:10     | 9126 ||| FLEEEEING.
  9127 | D:10     | 9127 ||| FLEEEEING.
  9128 | D:10     | 9128 ||| FLEEEEING.
  9129 | D:10     | 9129 ||| FLEEEEING.
  9130 | D:10     | 9130 ||| FLEEEEING.
  9131 | D:10     | 9131 ||| FLEEEEING.
  9132 | D:10     | 9132 ||| FLEEEEING.
  9133 | D:10     | 9133 ||| FLEEEEING.
  9134 | D:10     | 9134 ||| FLEEEEING.
  9135 | D:10     | 9135 ||| FLEEEEING.
  9136 | D:10     | 9136 ||| FLEEEEING.
  9137 | D:10     | 9137 ||| FLEEEEING.
  9164 | D:10     | 9164 ||| Stepping ~*~*~tactically~*~*~ (stealth).
  9165 | D:10     | 9165 ||| Stepping ~*~*~tactically~*~*~ (stealth).
  9185 | D:10     | Found a staircase to the Orcish Mines.
  9189 | D:10     | 9189 ||| Stepping ~*~*~tactically~*~*~ (outnumbered).
  9190 | D:10     | 9190 ||| Stepping ~*~*~tactically~*~*~ (outnumbered).
  9193 | D:10     | 9193 ||| Stepping ~*~*~tactically~*~*~ (outnumbered).
  9202 | D:10     | 9202 ||| FLEEEEING.
  9203 | D:10     | 9203 ||| FLEEEEING.
  9204 | D:10     | 9204 ||| FLEEEEING.
  9205 | D:10     | 9205 ||| FLEEEEING.
  9207 | D:10     | 9207 ||| FLEEEEING.
  9214 | D:10     | 9214 ||| Stepping ~*~*~tactically~*~*~ (hiding).
  9328 | D:10     | 9328 ||| Stepping ~*~*~tactically~*~*~ (stealth).
  9330 | D:10     | 9330 ||| Stepping ~*~*~tactically~*~*~ (hiding).
  9334 | D:10     | 9334 ||| Stepping ~*~*~tactically~*~*~ (outnumbered).
  9462 | D:10     | Found an opulent altar of Gozag.
  9462 | D:10     | Found a glowing silver altar of Zin.
  9481 | D:10     | 9481 ||| PLANNING LAIR
  9505 | Lair:1   | Entered Level 1 of the Lair of Beasts
  9767 | Lair:1   | 9767 ||| Stepping ~*~*~tactically~*~*~ (stealth).
  9768 | Lair:1   | 9768 ||| INVOKING Fiery Armour.
  9772 | Lair:1   | Reached skill level 16 in Unarmed Combat
  9775 | Lair:1   | 9775 ||| Stepping ~*~*~tactically~*~*~ (outnumbered).
  9776 | Lair:1   | 9776 ||| Stepping ~*~*~tactically~*~*~ (outnumbered).
 10299 | Lair:1   | Noticed Amaemon
 10311 | Lair:1   | Killed Amaemon
 10548 | Lair:1   | 10548 ||| UPGRADING to +6 ring of strength.
 10550 | Lair:1   | 10550 ||| READING 2 scrolls labelled HECVOB VOUC.
 10551 | Lair:1   | 10551 ||| READING 3 scrolls of identify.
 10551 | Lair:1   | 10551 ||| IDENTIFYING cyan potion
 10552 | Lair:1   | 10552 ||| DROPPING scroll of fog.
 10568 | Lair:2   | Noticed an eight-headed hydra
 10569 | Lair:2   | 10569 ||| INVOKING Fiery Armour.
 10571 | Lair:2   | 10571 ||| STAIRDANCE
 10577 | Lair:2   | 10577 ||| STAIRDANCE
 10579 | Lair:1   | 10579 ||| Stepping ~*~*~tactically~*~*~ (outnumbered).
 10580 | Lair:1   | Killed a nine-headed hydra
 10619 | Lair:2   | 10619 ||| STAIRDANCE
 10621 | Lair:1   | 10621 ||| Stepping ~*~*~tactically~*~*~ (outnumbered).
 10682 | Lair:2   | 10682 ||| Stepping ~*~*~tactically~*~*~ (outnumbered).
 10683 | Lair:2   | 10683 ||| Stepping ~*~*~tactically~*~*~ (outnumbered).
 10684 | Lair:2   | 10684 ||| Stepping ~*~*~tactically~*~*~ (outnumbered).
 10686 | Lair:2   | 10686 ||| Stepping ~*~*~tactically~*~*~ (outnumbered).
 10687 | Lair:2   | 10687 ||| Stepping ~*~*~tactically~*~*~ (outnumbered).
 10688 | Lair:2   | 10688 ||| Stepping ~*~*~tactically~*~*~ (outnumbered).
 10689 | Lair:2   | 10689 ||| Stepping ~*~*~tactically~*~*~ (outnumbered).
 10690 | Lair:2   | 10690 ||| Stepping ~*~*~tactically~*~*~ (outnumbered).
 10691 | Lair:2   | 10691 ||| Stepping ~*~*~tactically~*~*~ (outnumbered).
 10692 | Lair:2   | 10692 ||| INVOKING Fiery Armour.
 10693 | Lair:2   | 10693 ||| Stepping ~*~*~tactically~*~*~ (outnumbered).
 10694 | Lair:2   | 10694 ||| Stepping ~*~*~tactically~*~*~ (outnumbered).
 10695 | Lair:2   | 10695 ||| Stepping ~*~*~tactically~*~*~ (outnumbered).
 10697 | Lair:2   | 10697 ||| Stepping ~*~*~tactically~*~*~ (outnumbered).
 10698 | Lair:2   | 10698 ||| Stepping ~*~*~tactically~*~*~ (outnumbered).
 10704 | Lair:2   | 10704 ||| Stepping ~*~*~tactically~*~*~ (outnumbered).
 10781 | Lair:2   | 10781 ||| Stepping ~*~*~tactically~*~*~ (hiding).
 10904 | Lair:2   | 10904 ||| Stepping ~*~*~tactically~*~*~ (outnumbered).
 10906 | Lair:2   | Reached skill level 17 in Unarmed Combat
 10907 | Lair:2   | 10907 ||| INVOKING Fiery Armour.
 10910 | Lair:2   | 10910 ||| Stepping ~*~*~tactically~*~*~ (outnumbered).
 10911 | Lair:2   | 10911 ||| Stepping ~*~*~tactically~*~*~ (outnumbered).
 10920 | Lair:2   | 10920 ||| FLEEEEING.
 10921 | Lair:2   | 10921 ||| FLEEEEING.
 10931 | Lair:2   | Reached XP level 12. HP: 111/118 MP: 10/12
 11020 | Lair:2   | Found a staircase to the Shoals.
 11021 | Lair:2   | 11021 ||| Stepping ~*~*~tactically~*~*~ (outnumbered).
 11029 | Lair:2   | 11029 ||| INVOKING Fiery Armour.
 11030 | Lair:2   | 11030 ||| Stepping ~*~*~tactically~*~*~ (outnumbered).
 11032 | Lair:2   | HP: 25/118 [merfolk siren/+0 spear (9)]
 11033 | Lair:2   | 11033 ||| READING 8 scrolls of teleportation.
 11034 | Lair:2   | 11034 ||| DRINKING 3 potions of heal wounds.
 11146 | Lair:2   | 11146 ||| Stepping ~*~*~tactically~*~*~ (stealth).
 11148 | Lair:2   | 11148 ||| Stepping ~*~*~tactically~*~*~ (hiding).
 11150 | Lair:2   | 11150 ||| Stepping ~*~*~tactically~*~*~ (hiding).
 11152 | Lair:2   | 11152 ||| Stepping ~*~*~tactically~*~*~ (hiding).
 11154 | Lair:2   | 11154 ||| Stepping ~*~*~tactically~*~*~ (hiding).
 11156 | Lair:2   | 11156 ||| Stepping ~*~*~tactically~*~*~ (hiding).
 11158 | Lair:2   | 11158 ||| Stepping ~*~*~tactically~*~*~ (hiding).
 11257 | Lair:2   | 11257 ||| Stepping ~*~*~tactically~*~*~ (stealth).
 11263 | Lair:2   | 11263 ||| Stepping ~*~*~tactically~*~*~ (hiding).
 11352 | Lair:2   | 11352 ||| Stepping ~*~*~tactically~*~*~ (stealth).
 11354 | Lair:2   | 11354 ||| Stepping ~*~*~tactically~*~*~ (stealth).
 11359 | Lair:2   | 11359 ||| Stepping ~*~*~tactically~*~*~ (stealth).
 11360 | Lair:2   | 11360 ||| Stepping ~*~*~tactically~*~*~ (stealth).
 11362 | Lair:2   | 11362 ||| Stepping ~*~*~tactically~*~*~ (outnumbered).
 11363 | Lair:2   | 11363 ||| Stepping ~*~*~tactically~*~*~ (outnumbered).
 11364 | Lair:2   | 11364 ||| Stepping ~*~*~tactically~*~*~ (outnumbered).
 11426 | Lair:2   | Found a hole to the Spider Nest.
 11427 | Lair:2   | 11427 ||| INVOKING Fiery Armour.
 11432 | Lair:2   | 11432 ||| DROPPING amulet of magic regeneration.
 11433 | Lair:2   | 11433 ||| DRINKING 2 bubbling golden potions.
 11439 | Lair:2   | 11439 ||| DROPPING potion of brilliance.
 11440 | Lair:2   | 11440 ||| READING 7 scrolls of teleportation.
 11441 | Lair:2   | 11441 ||| FLEEEEING.
 11442 | Lair:2   | 11442 ||| FLEEEEING.
 11786 | Lair:3   | 11786 ||| Stepping ~*~*~tactically~*~*~ (stealth).
 11795 | Lair:3   | Reached skill level 18 in Unarmed Combat
 11815 | Lair:3   | 11815 ||| Stepping ~*~*~tactically~*~*~ (stealth).
 11826 | Lair:3   | 11826 ||| INVOKING Fiery Armour.
 11933 | Lair:3   | 11933 ||| PLANNING TEMPLE
 11933 | Lair:3   | 11933 ||| READING scroll labelled RUQAPT SINWE.
 12149 | Temple   | Entered the Ecumenical Temple
 12156 | Temple   | 12156 ||| PLANNING CONVERSION TO OKAWARU
 12163 | Temple   | Fell from the grace of Ignis
 12163 | Temple   | Became a worshipper of Warmaster Okawaru
 12164 | Temple   | 12164 ||| PLANNING LAIR
 12164 | Temple   | 12164 ||| REMOVING amulet of guardian spirit.
 12169 | Temple   | 12169 ||| DROPPING amulet of guardian spirit.
 12504 | Lair:3   | 12504 ||| Stepping ~*~*~tactically~*~*~ (outnumbered).
 12728 | Lair:3   | 12728 ||| DRINKING potion of cancellation.
 12737 | Lair:3   | Reached skill level 3 in Armour
 13245 | Lair:4   | Reached * piety under Okawaru
 13246 | Lair:4   | 13246 ||| INVOKING Heroism.
 13415 | Lair:4   | Reached skill level 1 in Invocations
 13475 | Lair:4   | Found a staircase to the Slime Pits.
 13476 | Lair:4   | Found a viscous altar of Jiyva.
 13503 | Lair:4   | You fall into a shaft and drop 1 floor!
 13503 | Lair:5   | Entered Level 5 of the Lair of Beasts
 13507 | Lair:5   | Noticed a boulder beetle
 13508 | Lair:5   | 13508 ||| INVOKING Heroism.
 13521 | Lair:5   | Killed a boulder beetle
 13659 | Lair:5   | Found a dark tunnel.
 13668 | Lair:5   | 13668 ||| INVOKING Heroism.
 13711 | Lair:4   | You fall into a shaft and drop 1 floor!
 13787 | Lair:5   | Noticed a catoblepas
 13788 | Lair:5   | 13788 ||| Stepping ~*~*~tactically~*~*~ (stealth).
 13793 | Lair:5   | 13793 ||| Stepping ~*~*~tactically~*~*~ (stealth).
 13794 | Lair:5   | 13794 ||| INVOKING Heroism.
 13801 | Lair:5   | Killed a catoblepas
 13802 | Lair:5   | Reached skill level 3 in Invocations
 13842 | Lair:5   | 13842 ||| Stepping ~*~*~tactically~*~*~ (stealth).
 13858 | Lair:5   | Reached ** piety under Okawaru
 14076 | Lair:4   | Was forgiven by Ignis
 14215 | Lair:4   | Reached XP level 13. HP: 127/127 MP: 14/14
 14266 | Lair:4   | 14266 ||| INVOKING Heroism.
 14357 | Lair:4   | 14357 ||| DRINKING 2 lumpy grey potions.
 14462 | Lair:4   | 14462 ||| READING 3 scrolls of identify.
 14462 | Lair:4   | 14462 ||| IDENTIFYING dark potion
 14463 | Lair:4   | 14463 ||| DROPPING potion of invisibility.
 14464 | Lair:4   | 14464 ||| DROPPING potion of berserk rage.
 14477 | Lair:5   | 14477 ||| INVOKING Heroism.
 14478 | Lair:5   | 14478 ||| STAIRDANCE
 14495 | Lair:5   | 14495 ||| STAIRDANCE
 14500 | Lair:4   | Reached skill level 19 in Unarmed Combat
 14564 | Lair:5   | 14564 ||| STAIRDANCE
 14584 | Lair:5   | 14584 ||| INVOKING Heroism.
 14609 | Lair:5   | 14609 ||| FLEEEEING.
 14610 | Lair:5   | 14610 ||| STAIRDANCE
 14631 | Lair:5   | 14631 ||| INVOKING Heroism.
 14679 | Lair:5   | 14679 ||| Stepping ~*~*~tactically~*~*~ (stealth).
 14682 | Lair:5   | 14682 ||| INVOKING Heroism.
 14686 | Lair:5   | Reached *** piety under Okawaru
 14686 | Lair:5   | Received a gift from Okawaru
 14699 | Lair:5   | 14699 ||| Stepping ~*~*~tactically~*~*~ (stealth).
 14700 | Lair:5   | 14700 ||| Stepping ~*~*~tactically~*~*~ (stealth).
 14707 | Lair:5   | 14707 ||| Stepping ~*~*~tactically~*~*~ (stealth).
 14714 | Lair:5   | 14714 ||| INVOKING Heroism.
 14773 | Lair:5   | 14773 ||| Stepping ~*~*~tactically~*~*~ (stealth).
 14784 | Lair:5   | 14784 ||| Stepping ~*~*~tactically~*~*~ (stealth).
 14792 | Lair:5   | 14792 ||| INVOKING Heroism.
 15043 | Lair:5   | 15043 ||| INVOKING Heroism.
 15078 | Lair:5   | 15078 ||| INVOKING Heroism.
 15080 | Lair:5   | Reached skill level 3 in Throwing
 15084 | Lair:5   | Reached skill level 9 in Fighting
 15085 | Lair:5   | 15085 ||| Stepping ~*~*~tactically~*~*~ (stealth).
 15105 | Lair:5   | 15105 ||| Stepping ~*~*~tactically~*~*~ (stealth).
 15302 | Lair:5   | Noticed a dire elephant
 15302 | Lair:5   | Noticed a dire elephant
 15302 | Lair:5   | Noticed a dire elephant
 15303 | Lair:5   | Noticed a dire elephant
 15304 | Lair:5   | 15304 ||| INVOKING Heroism.
 15314 | Lair:5   | Killed a dire elephant
 15335 | Lair:5   | Noticed a dire elephant
 15336 | Lair:5   | 15336 ||| INVOKING Heroism.
 15336 | Lair:5   | Noticed a dire elephant
 15343 | Lair:5   | Killed a dire elephant
 15351 | Lair:5   | Killed a dire elephant
 15360 | Lair:5   | Reached **** piety under Okawaru
 15375 | Lair:5   | 15375 ||| FLEEEEING.
 15376 | Lair:5   | 15376 ||| FLEEEEING.
 15424 | Lair:5   | 15424 ||| INVOKING Heroism.
 15450 | Lair:5   | 15450 ||| FLEEEEING.
 15451 | Lair:5   | 15451 ||| FLEEEEING.
 15452 | Lair:5   | 15452 ||| FLEEEEING.
 15453 | Lair:5   | 15453 ||| FLEEEEING.
 15454 | Lair:5   | 15454 ||| FLEEEEING.
 15455 | Lair:5   | 15455 ||| FLEEEEING.
 15456 | Lair:5   | 15456 ||| FLEEEEING.
 15457 | Lair:5   | 15457 ||| FLEEEEING.
 15458 | Lair:5   | 15458 ||| FLEEEEING.
 15459 | Lair:5   | 15459 ||| FLEEEEING.
 15460 | Lair:5   | 15460 ||| FLEEEEING.
 15461 | Lair:5   | 15461 ||| FLEEEEING.
 15462 | Lair:5   | 15462 ||| FLEEEEING.
 15463 | Lair:5   | 15463 ||| FLEEEEING.
 15468 | Lair:5   | 15468 ||| FLEEEEING.
 15469 | Lair:5   | 15469 ||| FLEEEEING.
 15470 | Lair:5   | 15470 ||| FLEEEEING.
 15471 | Lair:5   | 15471 ||| FLEEEEING.
 15472 | Lair:5   | 15472 ||| FLEEEEING.
 15473 | Lair:5   | 15473 ||| FLEEEEING.
 15474 | Lair:5   | 15474 ||| FLEEEEING.
 15488 | Lair:5   | 15488 ||| FLEEEEING.
 15489 | Lair:5   | 15489 ||| FLEEEEING.
 15490 | Lair:5   | 15490 ||| FLEEEEING.
 15491 | Lair:5   | 15491 ||| FLEEEEING.
 15492 | Lair:5   | 15492 ||| FLEEEEING.
 15504 | Lair:5   | 15504 ||| FLEEEEING.
 15506 | Lair:5   | 15506 ||| STAIRDANCE
 15671 | Lair:5   | 15671 ||| Stepping ~*~*~tactically~*~*~ (stealth).
 15745 | Lair:5   | 15745 ||| Stepping ~*~*~tactically~*~*~ (hiding).
 15748 | Lair:5   | 15748 ||| INVOKING Heroism.
 15768 | Lair:5   | 15768 ||| INVOKING Heroism.
 15787 | Lair:5   | 15787 ||| INVOKING Heroism.
 15812 | Lair:5   | 15812 ||| Stepping ~*~*~tactically~*~*~ (outnumbered).
 15874 | Lair:5   | 15874 ||| INVOKING Heroism.
 15875 | Lair:5   | 15875 ||| Stepping ~*~*~tactically~*~*~ (hiding).
 15880 | Lair:5   | Killed a dire elephant
 15890 | Lair:5   | Killed a dire elephant
 15895 | Lair:5   | 15895 ||| FLEEEEING.
 15896 | Lair:5   | 15896 ||| FLEEEEING.
 15897 | Lair:5   | 15897 ||| FLEEEEING.
 15898 | Lair:5   | 15898 ||| FLEEEEING.
 15899 | Lair:5   | 15899 ||| FLEEEEING.
 15900 | Lair:5   | 15900 ||| FLEEEEING.
 15901 | Lair:5   | 15901 ||| FLEEEEING.
 15902 | Lair:5   | 15902 ||| FLEEEEING.
 15903 | Lair:5   | 15903 ||| FLEEEEING.
 15904 | Lair:5   | 15904 ||| FLEEEEING.
 15905 | Lair:5   | 15905 ||| FLEEEEING.
 15906 | Lair:5   | 15906 ||| FLEEEEING.
 15907 | Lair:5   | 15907 ||| FLEEEEING.
 15908 | Lair:5   | 15908 ||| FLEEEEING.
 15909 | Lair:5   | 15909 ||| FLEEEEING.
 15910 | Lair:5   | 15910 ||| FLEEEEING.
 15911 | Lair:5   | 15911 ||| FLEEEEING.
 15912 | Lair:5   | 15912 ||| FLEEEEING.
 15913 | Lair:5   | 15913 ||| FLEEEEING.
 15914 | Lair:5   | 15914 ||| FLEEEEING.
 15915 | Lair:5   | 15915 ||| FLEEEEING.
 15916 | Lair:5   | 15916 ||| FLEEEEING.
 15917 | Lair:5   | 15917 ||| FLEEEEING.
 15918 | Lair:5   | 15918 ||| FLEEEEING.
 15920 | Lair:5   | 15920 ||| FLEEEEING.
 15921 | Lair:5   | 15921 ||| FLEEEEING.
 15922 | Lair:5   | 15922 ||| FLEEEEING.
 15923 | Lair:5   | 15923 ||| FLEEEEING.
 15925 | Lair:5   | 15925 ||| FLEEEEING.
 15926 | Lair:5   | 15926 ||| FLEEEEING.
 15928 | Lair:5   | 15928 ||| FLEEEEING.
 15929 | Lair:5   | 15929 ||| FLEEEEING.
 15930 | Lair:5   | 15930 ||| FLEEEEING.
 15931 | Lair:5   | 15931 ||| FLEEEEING.
 15932 | Lair:5   | 15932 ||| FLEEEEING.
 15933 | Lair:5   | 15933 ||| FLEEEEING.
 15935 | Lair:5   | 15935 ||| FLEEEEING.
 15936 | Lair:5   | 15936 ||| FLEEEEING.
 15937 | Lair:5   | 15937 ||| FLEEEEING.
 15938 | Lair:5   | 15938 ||| FLEEEEING.
 15939 | Lair:5   | 15939 ||| FLEEEEING.
 15940 | Lair:5   | 15940 ||| FLEEEEING.
 15941 | Lair:5   | 15941 ||| FLEEEEING.
 15942 | Lair:5   | 15942 ||| FLEEEEING.
 15943 | Lair:5   | 15943 ||| FLEEEEING.
 15944 | Lair:5   | 15944 ||| FLEEEEING.
 15945 | Lair:5   | 15945 ||| FLEEEEING.
 15946 | Lair:5   | 15946 ||| FLEEEEING.
 15947 | Lair:5   | 15947 ||| FLEEEEING.
 15948 | Lair:5   | 15948 ||| FLEEEEING.
 15949 | Lair:5   | 15949 ||| FLEEEEING.
 15950 | Lair:5   | 15950 ||| FLEEEEING.
 15951 | Lair:5   | 15951 ||| FLEEEEING.
 15952 | Lair:5   | 15952 ||| FLEEEEING.
 15953 | Lair:5   | 15953 ||| FLEEEEING.
 15954 | Lair:5   | 15954 ||| FLEEEEING.
 15955 | Lair:5   | 15955 ||| STAIRDANCE
 15983 | Lair:5   | 15983 ||| INVOKING Heroism.
 15986 | Lair:5   | Killed a dire elephant
 16089 | Lair:5   | 16089 ||| Stepping ~*~*~tactically~*~*~ (hiding).
 16101 | Lair:5   | 16101 ||| INVOKING Heroism.
 16103 | Lair:5   | Reached ***** piety under Okawaru
 16108 | Lair:5   | Reached skill level 6 in Invocations
 16251 | Lair:5   | 16251 ||| FLEEEEING.
 16256 | Lair:5   | 16256 ||| FLEEEEING.
 16258 | Lair:5   | 16258 ||| FLEEEEING.
 16259 | Lair:5   | 16259 ||| FLEEEEING.
 16260 | Lair:5   | 16260 ||| FLEEEEING.
 16262 | Lair:5   | 16262 ||| FLEEEEING.
 16263 | Lair:5   | 16263 ||| FLEEEEING.
 16264 | Lair:5   | 16264 ||| FLEEEEING.
 16265 | Lair:5   | 16265 ||| FLEEEEING.
 16266 | Lair:5   | 16266 ||| FLEEEEING.
 16267 | Lair:5   | 16267 ||| FLEEEEING.
 16268 | Lair:5   | 16268 ||| FLEEEEING.
 16388 | Lair:5   | 16388 ||| PLANNING D:1-11
 16533 | D:11     | 16533 ||| Stepping ~*~*~tactically~*~*~ (outnumbered).
 16587 | D:11     | 16587 ||| Stepping ~*~*~tactically~*~*~ (hiding).
 16624 | D:11     | 16624 ||| Stepping ~*~*~tactically~*~*~ (hiding).
 16631 | D:11     | 16631 ||| Stepping ~*~*~tactically~*~*~ (hiding).
 16639 | D:11     | Reached skill level 20 in Unarmed Combat
 16639 | D:11     | Reached XP level 14. HP: 137/140 MP: 17/17
 16657 | D:11     | Noticed Erolcha
 16658 | D:11     | 16658 ||| INVOKING Heroism.
 16659 | D:11     | 16659 ||| INVOKING Finesse.
 16660 | D:11     | 16660 ||| INVOKING Finesse.
 16663 | D:11     | Killed Erolcha
 16663 | D:11     | Received a gift from Okawaru
 16682 | D:11     | 16682 ||| Stepping ~*~*~tactically~*~*~ (outnumbered).
 16747 | D:11     | 16747 ||| Stepping randomly (disturbance).
 16748 | D:11     | 16748 ||| Stepping randomly (disturbance).
 16790 | D:11     | 16790 ||| INVOKING Heroism.
 16794 | D:11     | 16794 ||| Stepping ~*~*~tactically~*~*~ (outnumbered).
 16795 | D:11     | 16795 ||| Stepping ~*~*~tactically~*~*~ (outnumbered).
 16796 | D:11     | 16796 ||| Stepping ~*~*~tactically~*~*~ (outnumbered).
 16797 | D:11     | 16797 ||| Stepping ~*~*~tactically~*~*~ (outnumbered).
 16798 | D:11     | 16798 ||| Stepping ~*~*~tactically~*~*~ (outnumbered).
 16799 | D:11     | 16799 ||| Stepping ~*~*~tactically~*~*~ (outnumbered).
 16800 | D:11     | 16800 ||| Stepping ~*~*~tactically~*~*~ (outnumbered).
 16801 | D:11     | 16801 ||| Stepping ~*~*~tactically~*~*~ (outnumbered).
 16802 | D:11     | 16802 ||| Stepping ~*~*~tactically~*~*~ (outnumbered).
 16803 | D:11     | 16803 ||| Stepping ~*~*~tactically~*~*~ (outnumbered).
 16804 | D:11     | 16804 ||| Stepping ~*~*~tactically~*~*~ (outnumbered).
 16805 | D:11     | 16805 ||| Stepping ~*~*~tactically~*~*~ (outnumbered).
 16806 | D:11     | 16806 ||| Stepping ~*~*~tactically~*~*~ (outnumbered).
 16807 | D:11     | 16807 ||| Stepping ~*~*~tactically~*~*~ (outnumbered).
 16808 | D:11     | 16808 ||| Stepping ~*~*~tactically~*~*~ (outnumbered).
 16809 | D:11     | 16809 ||| Stepping ~*~*~tactically~*~*~ (outnumbered).
 16810 | D:11     | 16810 ||| Stepping ~*~*~tactically~*~*~ (outnumbered).
 16811 | D:11     | 16811 ||| Stepping ~*~*~tactically~*~*~ (outnumbered).
 16812 | D:11     | 16812 ||| Stepping ~*~*~tactically~*~*~ (outnumbered).
 16813 | D:11     | 16813 ||| Stepping ~*~*~tactically~*~*~ (outnumbered).
 16814 | D:11     | 16814 ||| Stepping ~*~*~tactically~*~*~ (outnumbered).
 16815 | D:11     | 16815 ||| Stepping ~*~*~tactically~*~*~ (outnumbered).
 16816 | D:11     | 16816 ||| Stepping ~*~*~tactically~*~*~ (outnumbered).
 16817 | D:11     | 16817 ||| Stepping ~*~*~tactically~*~*~ (outnumbered).
 16819 | D:11     | 16819 ||| Stepping ~*~*~tactically~*~*~ (outnumbered).
 16820 | D:11     | 16820 ||| Stepping ~*~*~tactically~*~*~ (outnumbered).
 16821 | D:11     | 16821 ||| Stepping ~*~*~tactically~*~*~ (outnumbered).
 17637 | D:11     | 17637 ||| PLANNING D
 17637 | D:11     | 17637 ||| DROPPING scarf of harm.
 17638 | D:11     | 17638 ||| READING 5 scrolls of identify.
 17638 | D:11     | 17638 ||| IDENTIFYING green potion
 17880 | D:12     | 17880 ||| Stepping ~*~*~tactically~*~*~ (stealth).
 18107 | D:12     | 18107 ||| Stepping ~*~*~tactically~*~*~ (hiding).
 18162 | D:12     | 18162 ||| Stepping ~*~*~tactically~*~*~ (stealth).
 18164 | D:12     | 18164 ||| Stepping ~*~*~tactically~*~*~ (stealth).
 18201 | D:12     | Noticed an orc warlord
 18202 | D:12     | 18202 ||| INVOKING Heroism.
 18203 | D:12     | 18203 ||| INVOKING Finesse.
 18204 | D:12     | 18204 ||| Stepping ~*~*~tactically~*~*~ (outnumbered).
 18205 | D:12     | HP: 33/140 [eight-headed hydra (13)]
 18206 | D:12     | 18206 ||| READING 8 scrolls of teleportation.
 18206 | D:12     | HP: 9/140 [eight-headed hydra (11)]
 18206 | D:12     | HP: 4/140 [eight-headed hydra (5)]
 18206 | D:12     | Mangled by an eight-headed hydra

Levels and vault maps discovered:
D:1:      dpeg_arrival_arbitrary_a, layout_basic, serial_shops, shop
D:2:      layout_loops_corners, serial_shops, nicolae_lakefront_shop,
          nicolae_shop_bloodbath_and_beyond, shop, shop,
          shapermc_ecumenical_altar_venn, minmay_shallow_snake_nest
D:3:      layout_loops_ring, grunt_temple_overflow_lords_of_destruction
D:4:      layout_cave_pools, chequers_temple_overflow_statue_of_worship,
          kennysheep_small_square
D:5:      layout_basic, minmay_misc_feat_iff, kennysheep_doodads, uniq_ijyb
D:6:      cheibrodos_thug_alley, layout_layer_cave, minmay_temple_entry_junction
D:7:      layout_basic, serial_shops, shop
D:8:      layout_basic, minmay_misc_feat_rugged, grunt_decor_one_mirror,
          uniq_pikel, uniq_maurice
D:9:      layout_layer_cave, gammafunk_temple_overflow_arena, uniq_psyche
D:10:     layout_basic, grunt_temple_overflow_gold_and_silver,
          due_lair_maze_entry_diamond, david_orc_5, enter_bailey_3
D:11:     layout_layer_cave, dreamdust_deal_with_the_devil, uniq_erolcha
D:12:     layout_layer_cave, drop_trap, minmay_checkered_concentric_circles
Temple:   chequers_temple_sunken
Lair:1:   hellmonk_ruined_rings, layout_cellular_growth, st_stairs_12,
          uniq_amaemon
Lair:2:   layout_regular_city, elwin_shoals_entry_stream,
          nicolae_spider_entry_orb_guardian
Lair:3:   layout_hall_layers, infiniplex_staircase_pool, grunt_megastairs_5
Lair:4:   layout_cave_shapes, slime_entry_1, hangedman_lair_generics_rect,
          lemuel_fruit_fields, serial_bayou_shore_b
Lair:5:   due_jungle_book, layout_cave_pods, nicolae_volcano_entry_lava_flow,
          chequers_serial_rivers_marsh

Skill      XL: |  1  2  3  4  5  6  7  8  9 10 11 12 13 14 |
---------------+-------------------------------------------+-----
Unarmed Combat | 4 6 8 9 11 13 15 17 18 20 | 20.2
Fighting       | 3 4 5 6 7 8 9 |  9.0
Throwing       | 1 2 3 4 |  4.1
Dodging        | 1 2 |  2.8
Armour         | 1 2 3 |  3.0
Invocations    | 3 6 7 |  7.2
Spellcasting   | |  1.0
Fire Magic     | |  2.1

Action                   |  1- 3 |  4- 6 |  7- 9 | 10-12 | 13-15 || total
-------------------------+-------+-------+-------+-------+-------++-------
Melee: Unarmed           |    89 |    83 |   290 |   508 |   307 ||  1277
       Punch             |       |     1 |    15 |    39 |    41 ||    96
Throw: Boomerang         |       |       |    74 |    80 |    56 ||   210
       Javelin           |       |       |       |       |    22 ||    22
Invok: Fiery Armour      |       |     1 |     3 |     9 |       ||    13
       Heroism           |       |       |       |     4 |    21 ||    25
       Finesse           |       |       |       |       |     2 ||     2
  Use: Scroll            |     4 |     8 |     7 |     7 |     3 ||    29
       Potion            |     1 |     2 |     4 |     4 |     1 ||    12
Armor: Robe              |    32 |    24 |    83 |     5 |       ||   144
       Steam dragon scal |       |       |       |   199 |   110 ||   309
Dodge: Dodged            |    39 |    28 |    86 |   203 |   104 ||   460

Table legend:
 A = Non-vault XP
 B = Vault XP
 C = Vault XP percentage of total XP
 D = Non-vault monster count
 E = Vault monster count
 F = Vault count percentage of total count
                 A         B        C        D         E       F
            +---------+---------+-------+---------+---------+-------
      Total |   45315 |   27629 |  37.9 |     338 |     108 |  24.2
            +---------+---------+-------+---------+---------+-------
        D:1 |      41 |       0 |   0.0 |      23 |       0 |   0.0
        D:2 |      59 |      17 |  22.4 |      14 |       4 |  22.2
        D:3 |     132 |      50 |  27.5 |      19 |       1 |   5.0
        D:4 |     179 |      53 |  22.8 |      19 |       2 |   9.5
        D:5 |     780 |      36 |   4.4 |      10 |       1 |   9.1
        D:6 |     847 |     222 |  20.8 |      18 |      12 |  40.0
        D:7 |    1726 |       0 |   0.0 |      25 |       0 |   0.0
        D:8 |    1316 |    1103 |  45.6 |      18 |       2 |  10.0
        D:9 |    1817 |     409 |  18.4 |      18 |       1 |   5.3
       D:10 |    2107 |    1773 |  45.7 |      13 |      34 |  72.3
       D:11 |    3900 |     874 |  18.3 |      28 |       1 |   3.4
       D:12 |    3435 |     839 |  19.6 |      13 |       1 |   7.1
     Lair:1 |    5350 |    1163 |  17.9 |      25 |       2 |   7.4
     Lair:2 |    5653 |    1586 |  21.9 |      30 |       4 |  11.8
     Lair:3 |    4060 |    1220 |  23.1 |      20 |       6 |  23.1
     Lair:4 |    3334 |    2590 |  43.7 |      15 |       8 |  34.8
     Lair:5 |   10579 |   15694 |  59.7 |      30 |      29 |  49.2
            +---------+---------+-------+---------+---------+-------
